AoeStats
← Nidhogg

Arabia

510252063Analyzed
2v2 RM · 15h ago on Sep 30, 2026· 35m 46s· 4 players
Game mode
Random Map
Map size
Medium (4 player)
Population
200
Speed
Normal
Resources
Standard
Victory
Conquest
Starting age
Dark Age
Ending age
Imperial Age
RankedLock teamsTeams togetherTeam positionsShared explorationLock speedFull tech treeHidden civsTurbo modeCheats
Victory
Defeat
🇺🇸 Burgundians · United States
1291
+16
🇨🇦 Poles · Canada
1290
+16
🇹🇷 Maya · Türkiye
1289
-16
🇨🇳 Tatars · China
1283
-16
Nidhogg
0:25 Loom
9:37 Feudal Age
10:11 Double-Bit Axe
19:38 Wheelbarrow
23:24 Castle Age
22:33 Gold Mining
23:43 Fletching
23:29 Crossbowman
24:23 Bow Saw
23:58 Horse Collar
24:02 Eagle Warrior
24:54 Bodkin Arrow
31:12 Hand Cart
32:02 Town Watch
平安喜乐
3:53 Loom
10:15 Feudal Age
20:54 Fletching
25:27 Castle Age
24:02 Horse Collar
24:46 Bloodlines
25:14 Scale Barding Armor
26:37 Husbandry
27:45 Forging
Shnarf
3:43 Double-Bit Axe
8:09 Loom
10:21 Feudal Age
9:39 Horse Collar
14:37 Padded Archer Armor
18:13 Heavy Plow
21:07 Castle Age
19:14 Gold Mining
19:56 Heavy Plow
20:37 Bow Saw
22:12 Scale Barding Armor
25:02 Chain Barding Armor
25:39 Husbandry
26:59 Forging
28:52 Cavalier
30:40 Wheelbarrow
30:44 Iron Casting
33:18 Hand Cart
Judge Claude Frollo
6:13 Loom
9:33 Feudal Age
10:25 Man-at-Arms
12:44 Horse Collar
17:08 Bloodlines
19:51 Wheelbarrow
20:41 Scale Barding Armor
26:56 Castle Age
32:18 Scale Mail Armor
32:29 Forging
34:16 Chain Mail Armor
Connection lost

Rejoining the realm…

Still unreachable

The connection could not be restored.

Session expired

The server has moved on; the page needs a fresh start.